Description

So I basically took the build order interpreted by Lowko, played by Solar, and put onto this website by johnwoods and made it functional with SALT. johnwoods's translation of this build order had an issue around the time that the first two queens were made. This should fix that. Here's the link to the original post: http://lotv.spawningtool.com/build/9932/

Build Order

Get SALT Encoding   

  13  0:12  Overlord  
  17  0:53  Hatchery  
  18  1:10  Extractor  
  18  1:19  Spawning Pool  
  19  1:40  Overlord  
  21  2:06  Queen  
  23  2:08  Queen  
  25  2:10  Metabolic Boost  keep droning
  25  2:12  Zergling x4  
  31  2:41  Queen  
  31  2:44  Overlord  build overlords every time you make cocoons from now on
  44  3:39  Roach Warren  second queen finishes, drones are full
  43  3:43  Hatchery  
  44  3:50  Extractor x2  
  48  4:07  Zergling x4  
  50  4:21  Roach x4  maybe some more units if the opponent is agressive, but drones are priority
  64  4:44  Queen  
  72  5:09  Extractor, Lair, Evolution Chamber x2  
  77  5:26  Zergling   about 10-20 lings
  87  5:37  Zerg Ground Armor Level 1  
  87  5:44  Zerg Missile Weapons Level 1  
  87  5:49  Extractor x2  3rd hatch droned up
  97  6:12  Glial Reconstitution  
  97  6:13  Roach  Mass roaches/ravagers
Spawning Tool Build Advisor. Get it on Overwolf

Go to:

Details

  • Created by: Fadeslayer
  • Published on: Jul 29, 2016
  • Modified on: Jul 29, 2016
  • Patch: Pre-3.8.0
Show
View Real Time Build Order
Export as new Build Order

Comments (0)

There are no comments. Be the first!

Create an account to comment!